 Dungeon Crawl Stone Soup version 0.25.1-2-g60ff931df9 (webtiles) character file.

Game seed: 2100316428775464245

186 Antenora the Skirmisher (level 5, -1/48 HPs)
             Began as a Draconian Abyssal Knight on Nov 5, 2020.
             Was a Follower of Lugonu.
             Slain by a gnoll (6 damage)
             ... on level 3 of the Dungeon.
             The game lasted 00:10:56 (1684 turns).

Antenora the Skirmisher (Draconian Abyssal Knight)  Turns: 1684, Time: 00:10:57

Health: -1/48      AC:  5    Str: 15    XL:     5   Next: 38%
Magic:  6/6        EV: 13    Int: 12    God:    Lugonu [*.....]
Gold:   38         SH:  0    Dex: 11    Spells: 4/4 levels left

rFire    . . .     SeeInvis .   a - +1 falchion
rCold    . . .     Gourm    .   (no shield)
rNeg     . . .     Faith    .   (armour unavailable)
rPois    .         Spirit   .   (helmet restricted)
rElec    .         Reflect  .   (no cloak)
rCorr    .         Harm     .   (no gloves)
MR       .....                  (no boots)
Stlth    +.........             (no amulet)
HPRegen  0.16/turn              (no ring)
MPRegen  0.10/turn              (no ring)

@: no status effects
A: unfitting armour, cold-blooded, AC +5
a: Depart the Abyss, Renounce Religion


You were on level 3 of the Dungeon.
You worshipped Lugonu.
Lugonu was aware of your devotion.
You were full.

You visited 1 branch of the dungeon, and saw 3 of its levels.
You visited the Abyss 1 time.

You collected 38 gold pieces.

Inventory:

Hand Weapons
 a - a +1 falchion (weapon)
 h - a +0 vorpal long sword
Potions
 b - a potion of brilliance
 c - a potion of flight
 d - a potion of degeneration {unknown}
Comestibles
 f - 2 rations


   Skills:
 + Level 5.0 Fighting
 + Level 3.3 Long Blades
 + Level 3.0 Dodging
 - Level 0.4 Stealth
 * Level 2.5 Invocations


You had 4 spell levels left.
You didn't know any spells.
Your spell library was empty.

Dungeon Overview and Level Annotations

Branches:
Dungeon (3/15)

Altars:
Cheibriados
Okawaru
Wu Jian


Innate Abilities, Weirdness & Mutations

Your plain brown scales are hard. (AC +5)
You cannot fit into any form of body armour.
You are cold-blooded and may be slowed by cold attacks.


Message History

The gnoll is severely wounded.
The gnoll closely misses you. x2; The frilled lizard closely misses you.
The gnoll hits you but does no damage. The gnoll closely misses you.
You closely miss the gnoll. You tail-slap the gnoll.
The gnoll is moderately wounded.
The frilled lizard hisses.
The frilled lizard barely misses you.
The gnoll hits you from afar with a +0 halberd!
You hit the gnoll.
Your tail-slap misses the gnoll.
The gnoll is lightly wounded.
The gnoll hits you!
The frilled lizard bites you but does no damage.
The gnoll hits you with a +0 whip.
* * * LOW HITPOINT WARNING * * *
The gnoll hits you from afar with a +0 halberd!
* * * LOW HITPOINT WARNING * * *
Okay, then.
The gnoll barely misses you. The gnoll hits you.
You die...

#########
#######........
#..[...........
#.#####.####### #.#
#†# #.# #.#
#.#####.##########
#.glg.gg..........
#@#####.#.........
#.##......########
#.##......# ######
##.##......##......
#..........##......
#..........##......
###..........##......
#.......†....##......
#...>................


You could see 4 gnolls and a frilled lizard.

Vanquished Creatures
  An orc priest (D:3)
  Natasha (thrice) (D:2)
  A gnoll (D:3)
  3 adders
  2 worms (D:2)
  2 dart slugs
  3 orcs
  A giant cockroach (D:1)
  2 hobgoblins
  3 jackals (D:2)
  2 quokkas (D:2)
  A ball python (D:3)
  9 bats
  A frilled lizard (D:2)
  4 goblins
  2 kobolds (D:3)
  2 rats (D:2)
42 creatures vanquished.

Notes
Turn   | Place    | Note
-------+----------+-------------------------------------------
     0 | Abyss:1  | Antenora the Draconian Abyssal Knight began the quest for
                  | the Orb.
     0 | Abyss:1  | Reached XP level 1. HP: 19/19 MP: 2/2
    71 | Abyss:1  | Noticed a chaos spawn
    76 | Abyss:1  | Noticed an orange demon
    78 | D:1      | Escaped the Abyss
   240 | D:2      | Reached * piety under Lugonu
   240 | D:2      | Reached skill level 4 in Fighting
   240 | D:2      | Reached XP level 2. HP: 22/27 MP: 3/3
   373 | D:2      | Reached XP level 3. HP: 16/33 MP: 4/4
   376 | D:2      | Found an iron altar of Okawaru.
   503 | D:2      | Noticed Natasha
   512 | D:2      | Killed Natasha
   804 | D:2      | Noticed Natasha
   846 | D:2      | Killed Natasha
   846 | D:2      | Reached XP level 4. HP: 22/41 MP: 5/5
   889 | D:2      | Noticed Natasha
   896 | D:2      | Killed Natasha
  1116 | D:2      | Found a snail-covered altar of Cheibriados.
  1257 | D:3      | Found an ornate altar of the Wu Jian Council.
  1375 | D:3      | Reached XP level 5. HP: 23/47 MP: 6/6
  1553 | D:3      | Reached skill level 5 in Fighting
  1684 | D:3      | Slain by a gnoll

Illustrated notes

Levels and vault maps discovered:
D:1:      dpeg_arrival_oval, layout_basic
D:2:      layout_loops_ring, okawaru_gym_becter, marbit_many_paths, uniq_natasha
D:3:      layout_basic, old_standard_altar, lemuel_coloured_pillars_altar,
          uniq_crazy_yiuf_cottage

Skill      XL: |  1  2  3  4  5 |
---------------+----------------+-----
Fighting       | 4 5 |  5.0
Long Blades    | 3 |  3.3
Dodging        | 3 |  3.0
Stealth        | |  0.4
Invocations    | |  2.5

Action                   |  1- 3 |  4- 6 || total
-------------------------+-------+-------++-------
Melee: Falchion          |    66 |    63 ||   129
       Tailslap          |     8 |     7 ||    15
Invok: Depart the Abyss  |     1 |       ||     1
  Use: Scroll            |       |     5 ||     5
       Potion            |       |     5 ||     5
 Stab: Sleeping          |       |     2 ||     2
  Eat: Ration            |     1 |     1 ||     2
Armor: Skin              |    22 |    31 ||    53
Dodge: Dodged            |    61 |    78 ||   139
       Rpst.: Falchion   |    25 |    22 ||    47
